 Dungeon Crawl Stone Soup version 0.23-a0-416-g33f1def (webtiles) character file.

14143 QuietthePaladin the Protected (level 12, -3/95 HPs)
             Began as a Human Fighter on Nov 9, 2018.
             Was a Priest of Elyvilon.
             Slain by an orc warlord
             ... wielding a +0 glaive of freezing
              (6 damage)
             ... on level 1 of the Orcish Mines.
             The game lasted 01:41:50 (16998 turns).

QuietthePaladin the Protected (Human Fighter)      Turns: 16998, Time: 01:41:50

Health: -3/95      AC: 22    Str: 18 (19) XL:     12   Next: 41%
Magic:  5/6        EV: 12    Int:  9 (11) God:    Elyvilon [***...]
Gold:   1345       SH: 19    Dex: 21      Spells: 11/11 levels left

rFire    . . .     SeeInvis .   E - +7 dagger of Floods {antimagic, Int+3}
rCold    + . .     Gourm    .   m - +2 large shield
rNeg     . . .     Faith    .   S - +0 plate armour
rPois    .         Spirit   .   n - +2 helmet
rElec    .         Reflect  .   (no cloak)
rCorr    .         Harm     .   (no gloves)
MR       .....                  w - +1 pair of boots of Autumn {rC+ Int+2}
Stlth    ..........             (no amulet)
HPRegen  0.25/turn              R - +4 ring of slaying
MPRegen  0.10/turn              d - +3 ring of protection

@: agile, hasted, drained, very quick
A: dopey 1, high mp 1
a: Lesser Healing, Heal Other, Purification, Divine Protection, Renounce
Religion


You were on level 1 of the Orcish Mines.
You worshipped Elyvilon.
Elyvilon was most pleased with you.
You were not hungry.

You visited 3 branches of the dungeon, and saw 14 of its levels.

You collected 1345 gold pieces.

Inventory:

Hand Weapons
 a - a +0 war axe
 E - the +7 dagger of Floods (weapon) {antimagic, Int+3}
   (You found it on level 6 of the Dungeon)

   It reduces the magical energy of the wielder, and disrupts the spells and
   magical abilities of those hit.
   Natural abilities and divine invocations are not affected.
   It affects your intelligence (+3).
 P - a +2 battleaxe of freezing
Armour
 m - a +2 large shield (worn)
 n - a +2 helmet (worn)
 p - a +1 scale mail of poison resistance
 w - the +1 pair of boots of Autumn (worn) {rC+ Int+2}
   (You found it on level 4 of the Dungeon)

   It affects your intelligence (+2).
   It protects you from cold.
 S - a +0 plate armour (worn)
Jewellery
 d - a +3 ring of protection (right hand)
 u - an uncursed ring of protection from cold
 H - an uncursed ring of poison resistance
 Q - an uncursed ring of poison resistance
 R - a +4 ring of slaying (left hand)
Wands
 r - a wand of acid (23)
 C - a wand of digging (2)
 F - a wand of enslavement (8)
 K - a wand of iceblast (22)
 O - a wand of polymorph (7)
Scrolls
 h - 3 scrolls of fear
 i - 2 scrolls of identify
 j - a scroll of fog {unknown}
 q - 3 scrolls of remove curse
 s - 2 scrolls of teleportation
 x - 4 scrolls of blinking
 y - 6 scrolls of magic mapping
 z - 2 scrolls of enchant weapon
 A - a scroll of noise {unknown}
 D - a scroll of amnesia {unknown}
 G - 2 scrolls of enchant armour {unknown}
 I - a scroll of holy word {unknown}
 J - a scroll of brand weapon {unknown}
 L - a scroll of silence {unknown}
 T - a scroll of immolation {unknown}
Potions
 b - 7 potions of curing
 g - 3 potions of cancellation
 l - 3 potions of haste
 t - a potion of agility
Miscellaneous
 N - a box of beasts
Comestibles
 f - 16 rations


   Skills:
 * Level 9.0(8.9) Fighting
 + Level 2.3(2.2) Short Blades
 + Level 8.2 Axes
   Level 1.9(5.4) Maces & Flails
 * Level 9.1(8.9) Armour
 + Level 7.3(7.2) Dodging
 * Level 8.9(8.8) Shields
 * Level 6.3(6.1) Invocations


You had 11 spell levels left.
You didn't know any spells.
Your spell library was empty.

Dungeon Overview and Level Annotations

Branches:
Dungeon (11/15)            Temple (1/1) D:5            Lair (0/6) D:8
    Orc (2/2) D:11
    Elf: Orc:2

Altars:
Ashenzari
Cheibriados
Dithmenos
Elyvilon
Fedhas
Gozag
Hepliaklqana
Kikubaaqudgha
Makhleb
Nemelex Xobeh
Okawaru
Qazlal
Ru
Sif Muna
Trog
Uskayaw
Vehumet
Wu Jian
Xom
Yredelemnul
Zin
The Shining One
Beogh

Shops:
D:4 }   D:5 }!

Portals:
Trove: D:11 (give +4 demon trident)


Innate Abilities, Weirdness & Mutations

You are dopey. (Int -2)
You have an increased reservoir of magic. (+10% MP)


Message History

The orc warlord hits you with a +0 glaive of freezing!!
* * * LOW HITPOINT WARNING * * *
The orc warlord freezes you.
* * * LOW HITPOINT WARNING * * *
You closely miss the orc warlord.
The orc warlord is almost dead.
The orc warlord hits you with a +0 glaive of freezing.
* * * LOW HITPOINT WARNING * * *
You puncture the orc warlord!
The orc warlord is almost dead.
You hit the orc warlord.
The orc warlord is almost dead.
You block the orc warlord's attack.
You hit the orc warlord but do no damage.
The orc warlord is almost dead.
You are healed.
You feel somewhat more hungry.
The orc warlord hits you with a +0 glaive of freezing!!
* * * LOW HITPOINT WARNING * * *
The orc warlord freezes you.
You die...

...o.#####.......................
#.O.## #..(#..#.....#.....#.....
##ยง.## ##.#(......####.#........
#...# ###...#.### #...........
##.## ##..##.## ##..........
#...# #.[([..###..#........ ##.##
##[##.##.....##[[..[. ###
##.)###.....##..[....
#..)@###.######...... ##.o## ###
##.#..... #### #........
##........ #......... ##..#...#..
#...#...... ##.........
#......8..


You could see an orc warlord.

Vanquished Creatures
  An orc high priest (D:11)
  An unseen horror (D:10)
  An orc knight (Orc:1)
  An ugly thing (D:11)
  2 orc sorcerers
  A cyclops (Orc:1)
  2 gargoyles
  A troll (D:11)
  A hippogriff (D:10)
  16 yaks
  2 basilisks (D:8)
  The ghost of Pluripote the Cudgeler, an amateur GrBe of Trog (D:4)
  2 wargs (Orc:1)
  4 porcupines (D:8)
  12 orc warriors
  3 sky beasts
  4 ice beasts
  An eye of draining (D:11)
  2 necrophages
  5 black bears
  2 phantoms (D:7)
  3 centaurs
  7 ogres
  2 wolves (D:8)
  3 crocodiles
  A big kobold (D:8)
  5 bullfrogs
  A wyvern skeleton (D:10)
  6 scorpions
  4 killer bees (D:9)
  An electric eel (D:7)
  4 howler monkeys
  4 crimson imps
  A bullfrog zombie (D:6)
  2 centaur skeletons
  2 jellies
  A gnoll shaman (D:6)
  6 orc priests
  3 hounds
  16 orc wizards
  A bullfrog skeleton (D:8)
  An iguana (D:11)
  6 worker ants
  2 hound skeletons
  3 worker ant zombies
  14 gnolls
  A howler monkey skeleton (D:3)
  9 adders
  2 shadow imps
  2 oozes
  2 adder skeletons
  3 adder zombies
  A worm (D:2)
  5 dart slugs
  5 leopard geckos
  72 orcs
  4 giant cockroaches
  6 goblins
  8 hobgoblins
  7 jackals
  8 quokkas
  2 ball pythons (D:2)
  4 bats
  11 frilled lizards
  10 kobolds
  A quokka skeleton (D:6)
  5 rats
332 creatures vanquished.

Vanquished Creatures (others)
  A plant (D:8)
1 creature vanquished.

Grand Total: 333 creatures vanquished

Notes
Turn   | Place    | Note
-------+----------+-------------------------------------------
     0 | D:1      | QuietthePaladin the Human Fighter began the quest for the
                  | Orb.
     0 | D:1      | Reached XP level 1. HP: 18/18 MP: 1/1
   349 | D:1      | Reached XP level 2. HP: 22/24 MP: 2/2
   765 | D:2      | Reached XP level 3. HP: 22/29 MP: 3/3
   883 | D:2      | Reached skill level 1 in Dodging
   977 | D:2      | Reached XP level 4. HP: 20/35 MP: 4/4
  1848 | D:3      | Reached XP level 5. HP: 33/41 MP: 5/5
  1995 | D:3      | Found a white marble altar of Elyvilon.
  2001 | D:3      | Became a worshipper of Elyvilon the Healer
  2292 | D:3      | Reached XP level 6. HP: 48/48 MP: 6/6
  2855 | D:3      | Reached * piety under Elyvilon
  3298 | D:4      | Found a snail-covered altar of Cheibriados.
  3383 | D:4      | Reached XP level 7. HP: 48/54 MP: 7/7
  3688 | D:4      | Got a pair of encrusted boots
  3694 | D:4      | Identified the +1 pair of boots of Autumn {rC+ Int+2} (You
                  | found it on level 4 of the Dungeon)
  3737 | D:4      | Found Vearreps's Gadget Boutique.
  3808 | D:4      | Found a runed gate.
  3808 | D:4      | Found a runed gate.
  3809 | D:4      | Found a runed gate.
  3815 | D:4      | Noticed Pluripote's ghost (amateur GrBe)
  3818 | D:4      | Found a roughly hewn altar of Beogh.
  4058 | D:4      | Killed Pluripote's ghost
  4058 | D:4      | Reached XP level 8. HP: 34/61 MP: 8/8
  4075 | D:4      | Got a pitted scale mail
  4087 | D:4      | Identified the cursed +0 scale mail of Coronation {*Slow
                  | rPois Int+4} (You took it off an orc on level 4 of the
                  | Dungeon)
  4224 | D:5      | Entered Level 5 of the Dungeon
  4229 | D:5      | Found Kaxough's Distillery.
  4242 | D:5      | Found a blossoming altar of Fedhas.
  4245 | D:5      | Found a stormy altar of Qazlal.
  4724 | D:5      | Reached ** piety under Elyvilon
  4887 | D:5      | Found a staircase to the Ecumenical Temple.
  4897 | Temple   | Entered the Ecumenical Temple
  5109 | D:5      | Found Kept's Gadget Emporium.
  5797 | D:6      | Reached skill level 5 in Armour
  5835 | D:6      | Reached skill level 5 in Fighting
  5835 | D:6      | Reached skill level 5 in Shields
  5849 | D:6      | Reached *** piety under Elyvilon
  6362 | D:6      | Reached XP level 9. HP: 60/68 MP: 9/9
  6364 | D:6      | Reached skill level 5 in Axes
  6576 | D:6      | Got a slimy dagger
  6577 | D:6      | Identified the +7 dagger of Floods {antimagic, Int+3} (You
                  | found it on level 6 of the Dungeon)
  7023 | D:7      | Reached **** piety under Elyvilon
  7067 | D:7      | Reached skill level 5 in Dodging
  7377 | D:7      | Reached XP level 10. HP: 52/77 MP: 5/10
  8386 | D:7      | Reached skill level 1 in Invocations
  9118 | D:8      | Found a staircase to the Lair.
  9224 | D:8      | Reached skill level 1 in Maces & Flails
  9893 | D:9      | Reached XP level 11. HP: 65/84 MP: 4/13
  9917 | D:9      | Reached ***** piety under Elyvilon
 10002 | D:9      | Found a sparkling altar of Nemelex Xobeh.
 10004 | D:9      | Found a glowing golden altar of the Shining One.
 10791 | D:9      | Found a snail-covered altar of Cheibriados.
 10868 | D:10     | Entered Level 10 of the Dungeon
 10955 | D:10     | Killed an unseen horror
 12332 | D:11     | Reached skill level 1 in Short Blades
 12332 | D:11     | Reached skill level 5 in Invocations
 12440 | D:11     | Found a portal to a secret trove of treasure.
 12718 | D:11     | Noticed a brown ugly thing
 12745 | D:11     | Killed a brown ugly thing
 13064 | D:11     | Found a staircase to the Orcish Mines.
 13248 | Orc:1    | Entered Level 1 of the Orcish Mines
 13257 | Orc:1    | Noticed a cyclops
 13283 | Orc:1    | Killed a cyclops
 13354 | Orc:1    | Noticed an orc knight
 13363 | Orc:1    | Noticed an orc sorcerer
 13367 | Orc:1    | Noticed a sixfirhy
 13385 | Orc:1    | Noticed a sixfirhy
 13423 | Orc:1    | Killed an orc knight
 13423 | Orc:1    | Reached XP level 12. HP: 77/94 MP: 4/16
 14657 | Orc:1    | Noticed an orc high priest
 14698 | D:11     | Noticed a soul eater
 14719 | D:11     | HP: 3/94 [poisoned by an orange demon]
 14719 | D:11     | HP: 1/94 [soul eater[an orc high priest] (2)]
 14720 | D:11     | Elyvilon protects you from harm!
 14720 | D:11     | Elyvilon protects you from harm!
 14721 | D:11     | Elyvilon protects you from harm!
 14721 | D:11     | Gained mutation: Your body sometimes deteriorates upon
                  | taking damage. [a neqoxec]
 14721 | D:11     | Elyvilon protects you from harm!
 14722 | D:11     | Elyvilon protects you from harm!
 15168 | D:11     | Killed an orc high priest
 15417 | Orc:1    | Found a roughly hewn altar of Beogh.
 15500 | Orc:2    | Entered Level 2 of the Orcish Mines
 15565 | Orc:2    | Noticed an orc warlord
 15883 | Orc:2    | Noticed an orc high priest
 16924 | D:11     | Lost mutation: Your body sometimes deteriorates upon taking
                  | damage. [potion of mutation]
 16924 | D:11     | Gained mutation: You are dopey. (Int -2) [potion of
                  | mutation]
 16924 | D:11     | Gained mutation: You have an increased reservoir of magic.
                  | (+10% MP) [potion of mutation]
 16998 | Orc:1    | HP: 3/95 [orc warlord/+0 glaive of freezing (23)]
 16998 | Orc:1    | Slain by an orc warlord

Vault maps used:
D:1:      scummos_arrival_hexagon, serial_bayou_pond_c, serial_bayou_ford_a,
          serial_bayou_pond_b, minmay_fountain_box, minmay_lizard_pond
D:3:      old_standard_altar
D:4:      serial_shops, shop, biasface_ghost_orc_armoury, grunt_ministairs_8,
          kennysheep_slug_shrine
D:5:      grunt_temple_overflow_forces_of_nature, temple_hall, serial_shops,
          kennysheep_mini_moat, shop, first_ration, lemuel_flame_loot_1
D:6:      hex_large, kennysheep_generic_room_6
D:7:      wad_river_or_something
D:8:      minmay_lair_entry_grove
D:9:      lemuel_coloured_pillars_altar,
          chequers_temple_overflow_statue_of_worship
D:10:     kennysheep_generic_room_9
D:11:     hiddenorc1_lemuel, nicolae_trove_entry_free_sample
Temple:   lightli_temple_of_artemis
Orc:1:    bh_open_orc_temple
Orc:2:    st_orc_mages, basic_altar

Skill      XL: |  1  2  3  4  5  6  7  8  9 10 11 12 |
---------------+-------------------------------------+-----
Dodging        | 1 2 3 4 5 6 7 |  7.3
Axes           | 3 4 6 7 8 |  8.2
Armour         | 4 5 6 7 8 9 |  9.1
Fighting       | 4 5 6 7 8 9 |  9.0
Shields        | 4 5 6 7 8 |  8.9
Invocations    | 3 5 6 |  6.3
Maces & Flails | 1 |  1.9
Short Blades   | 1 2 |  2.3

Action                   |  1- 3 |  4- 6 |  7- 9 | 10-12 || total
-------------------------+-------+-------+-------+-------++-------
Melee: War axe           |    78 |   223 |   276 |    17 ||   594
       Dagger            |       |       |   130 |  1224 ||  1354
Invok: Lesser Healing    |       |       |     3 |     1 ||     4
       Greater Healing   |       |       |       |     5 ||     5
       Heal Other        |       |       |       |     1 ||     1
       Divine Protection |       |       |       |     4 ||     4
       Purification      |       |       |       |     1 ||     1
Evoke: Wand              |       |       |       |     2 ||     2
  Use: Potion            |       |       |     1 |     9 ||    10
       Scroll            |       |       |     3 |    15 ||    18
 Stab: Invisible         |       |       |       |     7 ||     7
       Fleeing           |       |       |       |     1 ||     1
  Eat: Chunk             |       |     9 |    10 |    29 ||    48
       Ration            |       |       |     1 |     2 ||     3
Armor: Scale mail        |    26 |    27 |   101 |       ||   154
       Chain mail        |    19 |    65 |       |       ||    84
       Plate armour      |       |       |    72 |   522 ||   594
Dodge: Dodged            |    23 |    42 |    81 |   191 ||   337
Block: Shield            |    36 |    23 |       |       ||    59
       Large shield      |       |   129 |   374 |  1053 ||  1556

Table legend:
 A = Non-vault XP
 B = Vault XP
 C = Vault XP percentage of total XP
 D = Non-vault monster count
 E = Vault monster count
 F = Vault count percentage of total count
                 A         B        C        D         E       F
            +---------+---------+-------+---------+---------+-------
      Total |   16897 |    3308 |  16.4 |     270 |      62 |  18.7
            +---------+---------+-------+---------+---------+-------
        D:1 |      12 |       8 |  40.0 |      11 |       6 |  35.3
        D:2 |      88 |       0 |   0.0 |      20 |       0 |   0.0
        D:3 |     234 |       0 |   0.0 |      38 |       0 |   0.0
        D:4 |     508 |     266 |  34.4 |      18 |      11 |  37.9
        D:5 |     135 |       0 |   0.0 |       5 |       0 |   0.0
        D:6 |     880 |      36 |   3.9 |      25 |       2 |   7.4
        D:7 |    2376 |     296 |  11.1 |      40 |       9 |  18.4
        D:8 |     797 |    1637 |  67.3 |      18 |      12 |  40.0
        D:9 |    1984 |       0 |   0.0 |      22 |       0 |   0.0
       D:10 |    1922 |       0 |   0.0 |       9 |       0 |   0.0
       D:11 |    4714 |    1053 |  18.3 |      33 |      18 |  35.3
      Orc:1 |    3247 |      12 |   0.4 |      31 |       4 |  11.4
            +---------+---------+-------+---------+---------+-------
